 Dungeon Crawl Stone Soup version 0.31-a0-37-g98a128e1d9 (webtiles) character file.

Game seed: 16095344713953634877

1575 graymark the Poker (level 8, -2/74 HPs)
             Began as a Gnoll Chaos Knight on May 15, 2023.
             Was a Plaything of Xom.
             Killed from afar by a naga (3 damage)
             ... with a splash of poison
             ... on level 5 of the Dungeon.
             The game lasted 00:23:24 (3977 turns).

graymark the Poker (Gnoll Chaos Knight)             Turns: 3977, Time: 00:23:29

Health: -2/74      AC:  6    Str: 18    XL:     8   Next: 91%
Magic:  13/13      EV: 14    Int: 13    God:    Xom [.*....]
Gold:   205        SH:  0    Dex: 20    Spells: 7/14 levels left

rFire   + . .        a - +1 spear (chaos)
rCold   + . .        (no shield)
rNeg    + . .        b - +3 leather armour
rPois   .            (no helmet)
rElec   .            (no cloak)
rCorr   .            (no gloves)
SInv    +            (no boots)
Will    .....        (no amulet)
Stlth   ++++         h - ring of positive energy
HPRegen 0.32/turn    g - ring of Lust {Str+6 Dex+6}
MPRegen 0.13/turn

%: no passive effects
@: lethally poisoned (-2 -> -7)
A: fangs 1, strong nose, distributed training, thin skeletal structure 1, see
invisible, cold resistance 1, fire resistance 1, robust 1, wild magic 3
a: Renounce Religion


You were on level 5 of the Dungeon.
You worshipped Xom.
You were a plaything of Xom.
You visited 1 branch of the dungeon, and saw 5 of its levels.

You collected 205 gold pieces.

Inventory:

Hand Weapons
 a - a +1 spear of chaos (weapon)
 o - a +2 dagger of venom
 y - a +0 halberd
 z - the +1 long sword of Purpose {chaos, rN+++ Will- MP+9 SInv}
   (Xom gifted it to you on level 5 of the Dungeon)

   rN:        It renders you almost immune to negative energy.
   MP:        It affects your magic capacity (+9).
   SInv:      It lets you see invisible.
   Will:      It decreases your willpower.
 B - the +6 longbow "Lidoexipt" {speed, rElec rPois rN+ Dex-4}
   (Xom gifted it to you on level 5 of the Dungeon)

   Dex:       It affects your dexterity (-4).
   rElec:     It insulates you from electricity.
   rPois:     It protects you from poison.
   rN:        It protects you from negative energy.
Missiles
 i - 5 atropa-tipped darts
 t - 53 stones
Armour
 b - a +3 leather armour (worn)
 e - a +0 ring mail
Jewellery
 g - the ring of Lust (right hand) {Str+6 Dex+6}
   (Xom gifted it to you on level 2 of the Dungeon)

   [ring of strength]

   Str:       It affects your strength (+6).
   Dex:       It affects your dexterity (+6).
 h - a ring of positive energy (left hand)
 l - a ring of protection from cold
 m - a ring of magical power
Wands
 s - a wand of polymorph (9)
 x - a wand of iceblast (5)
Scrolls
 d - 2 scrolls of teleportation {unknown}
 n - a scroll of immolation
 q - a scroll of fog
 A - a scroll of blinking {unknown}
Potions
 f - a potion of heal wounds
 j - 2 potions of magic
 k - 2 potions of haste
 p - a potion of berserk rage {unknown}
 r - 2 potions of flight
 u - a potion of attraction {unknown}
 v - a potion of cancellation {unknown}
 w - a potion of brilliance {unknown}
Miscellaneous
 c - a piece from Xom's chessboard (13/15) (quivered)


   Skills:
 + Level 7.6 Fighting
 + Level 3.8 Short Blades
 + Level 3.8 Long Blades
 + Level 3.8 Axes
 + Level 3.8 Maces & Flails
 + Level 7.6 Polearms
 + Level 3.8 Staves
 + Level 3.8 Ranged Weapons
 + Level 3.8 Throwing
 + Level 6.0 Armour
 + Level 4.6 Dodging
 + Level 3.8 Stealth
 + Level 3.8 Shields
 + Level 3.8 Unarmed Combat
 + Level 3.8 Spellcasting
 + Level 3.1 Conjurations
 + Level 3.1 Hexes
 + Level 3.1 Summonings
 + Level 3.1 Necromancy
 + Level 3.1 Translocations
 + Level 3.1 Transmutations
 + Level 3.1 Fire Magic
 + Level 3.1 Ice Magic
 + Level 3.1 Air Magic
 + Level 3.1 Earth Magic
 + Level 3.1 Poison Magic
 + Level 4.2 Invocations
 + Level 3.8 Evocations


You had 7 spell levels left.
You knew the following spells:

 Your Spells              Type           Power      Damage    Failure   Level
a - Sandblast             Erth           40%        2d10      22%         1
b - Passwall              Tmut/Erth      16%        N/A       28%         2
c - Stone Arrow           Conj/Erth      40%        3d9       45%         3
d - Slow                  Hex            80%        N/A       22%         1

Your spell library contained the following spells:

 Spells                   Type           Power      Damage    Failure   Level
 Confusing Touch          Hex            20%        N/A       45%         3
 Vampiric Draining        Necr           20%        2d7       45%         3


Dungeon Overview and Level Annotations

Branches:
Dungeon (5/15)
 Temple: D:4-7

Altars:
Cheibriados
Elyvilon
Kikubaaqudgha
Vehumet
Xom

Annotations:
D:5 1 runed translucent door, Crazy Yiuf


Innate Abilities, Weirdness & Mutations

You have very sharp teeth.
Your uncanny sense of smell can sniff out nearby items.
Your experience applies equally to all skills.
You have a somewhat thin skeletal structure. (Dex +2, Stealth+)
You have supernaturally acute eyesight. (SInv)
Your flesh is cold resistant. (rC+)
Your flesh is heat resistant. (rF+)
You are robust. (+10% HP)
Your spells are much harder to cast, but much more powerful.


Message History

You hit the naga. You burn the naga. You punch the naga.
The naga is moderately wounded.
You hit the naga.
The naga is moderately wounded.
The naga closely misses you. x2
You hit the naga. You burn the naga.
The naga is heavily wounded.
You hit the naga. You burn the naga.
The naga is heavily wounded.
The naga hits you! The naga closely misses you.
You hit the naga but do no damage.
The naga is heavily wounded.
The naga hits you! The naga grabs you. The naga constricts you.
You make a move on Xom's chessboard...
The naga seems to grow stronger.
The naga hits you. The naga constricts you.
You barely miss the naga.
The naga is heavily wounded.
The naga spits poison at you. The splash of poison hits you!
You are poisoned.
The naga constricts you.
You escape the naga's grasp.
You feel sick.
You make a move on Xom's chessboard...
The naga seems to speed up.
You feel sick.
You hit the naga but do no damage.
The naga is heavily wounded.
You feel sick. The naga hits you!!
* * * LOW HITPOINT WARNING * * *
Xom thinks this is hilarious!
A shower of butterflies erupts from you!
The naga misses you.
You feel much better.
You feel sick. The naga hits you!!
* * * LOW HITPOINT WARNING * * *
Xom roars with laughter!
The naga misses you. The naga spits poison at you.
The splash of poison hits you.
You are more poisoned.
You die...
Xom snickers!

#.......##..........# #...##.
#...........##...#### #...#..
###.#....#....###.## #.###..
...........#..# #.# #.# #..
†........###..# #.# #.# #..
†........###..###.## #.# #.#
##.............._..# #.# #.#
#.####....#..###..# #.###.# ##.##
#........N@b.# #.##...
#...###....#.####..# #.##...
..#....#..##.####bb# #####......
#...#.###.##...._..####..........
##.###.#.#######....)_..)........
#.# ##.## ##_.####.######... #.#
### #................ ##.#
################# ...#


You could see a naga (fast, strong, catching breath, ally target).

Vanquished Creatures
  Pikel (D:4)
  Grinder (D:5)
  Menkaure (D:5)
  A swamp drake (D:5)
  A black bear (D:5)
  An ogre (D:5)
  4 scorpions
  A howler monkey (D:5)
  An iguana (D:5)
  Ijyb (D:4)
  Natasha (D:2)
  An orc wizard (D:3)
  7 adders
  3 gnolls (D:5)
  An ufetubus (D:4)
  3 worms
  A dart slug (D:3)
  10 orcs
  2 endoplasms
  A giant cockroach (D:1)
  7 hobgoblins
  6 jackals
  8 kobolds
  5 quokkas
  2 ball pythons
  8 bats
  3 frilled lizards
  5 goblins
  6 rats
93 creatures vanquished.

Vanquished Creatures (others)
  A dancing weapon (D:4)
1 creature vanquished.

Grand Total: 94 creatures vanquished

Notes
Turn   | Place    | Note
-------+----------+-------------------------------------------
     0 | D:1      | graymark the Gnoll Chaos Knight began the quest for the
                  | Orb.
     0 | D:1      | Reached XP level 1. HP: 23/23 MP: 1/1
    11 | D:1      | XOM: silly message
    72 | D:1      | Reached XP level 2. HP: 29/29 MP: 2/2
   202 | D:1      | Found a faded altar of an unknown god.
   329 | D:1      | XOM: scenery: create altars
   503 | D:2      | Reached XP level 3. HP: 34/35 MP: 2/4
   566 | D:2      | Reached skill level 1 in Invocations
   650 | D:2      | Noticed Natasha
   662 | D:2      | Killed Natasha
   663 | D:2      | Reached skill level 1 in Short Blades
   663 | D:2      | Reached skill level 1 in Long Blades
   663 | D:2      | Reached skill level 1 in Axes
   663 | D:2      | Reached skill level 1 in Maces & Flails
   663 | D:2      | Reached skill level 1 in Staves
   663 | D:2      | Reached skill level 1 in Ranged Weapons
   663 | D:2      | Reached skill level 1 in Throwing
   663 | D:2      | Reached skill level 1 in Stealth
   663 | D:2      | Reached skill level 1 in Shields
   663 | D:2      | Reached skill level 1 in Unarmed Combat
   663 | D:2      | Reached skill level 1 in Spellcasting
   663 | D:2      | Reached skill level 1 in Evocations
   663 | D:2      | Reached XP level 4. HP: 28/41 MP: 5/5
   793 | D:2      | Found an ancient bone altar of Kikubaaqudgha.
   872 | D:2      | Reached skill level 1 in Conjurations
   872 | D:2      | Reached skill level 1 in Hexes
   872 | D:2      | Reached skill level 1 in Summonings
   872 | D:2      | Reached skill level 1 in Necromancy
   872 | D:2      | Reached skill level 1 in Translocations
   872 | D:2      | Reached skill level 1 in Transmutations
   872 | D:2      | Reached skill level 1 in Fire Magic
   872 | D:2      | Reached skill level 1 in Ice Magic
   872 | D:2      | Reached skill level 1 in Air Magic
   872 | D:2      | Reached skill level 1 in Earth Magic
   872 | D:2      | Reached skill level 1 in Poison Magic
   880 | D:2      | Identified the ring of Lust {Str+6 Dex+6} (Xom gifted it to
                  | you on level 2 of the Dungeon)
   880 | D:2      | XOM: god gift: ring of Lust {Str+6 Dex+6}
  1386 | D:3      | XOM: divination: magic mapping
  1557 | D:3      | Noticed a scorpion
  1565 | D:3      | Killed a scorpion
  1566 | D:3      | Reached XP level 5. HP: 47/47 MP: 7/7
  1633 | D:3      | XOM: god gift: 4 stones
  1817 | D:3      | XOM: polymorph orc -> quokka
  1878 | D:3      | XOM: scenery: create altars
  1931 | D:3      | XOM: give mutations
  1931 | D:3      | Gained mutation: Your flesh is heat resistant. (rF+) [Xom's
                  | grace]
  1931 | D:3      | Gained mutation: You have supernaturally acute eyesight.
                  | (SInv) [Xom's grace]
  1931 | D:3      | Gained mutation: Your spells are a little harder to cast,
                  | but a little more powerful. [Xom's grace]
  2075 | D:3      | Found a snail-covered altar of Cheibriados.
  2147 | D:3      | XOM: give mutations
  2147 | D:3      | Gained mutation: You have a somewhat thin skeletal
                  | structure. (Dex +2, Stealth+) [Xom's grace]
  2147 | D:3      | Gained mutation: Your flesh is cold resistant. (rC+) [Xom's
                  | grace]
  2147 | D:3      | Gained mutation: Your spells are harder to cast, but more
                  | powerful. [Xom's grace]
  2321 | D:4      | Reached XP level 6. HP: 53/53 MP: 8/8
  2329 | D:4      | Learned a level 1 spell: Sandblast
  2338 | D:4      | Learned a level 2 spell: Passwall
  2342 | D:4      | Learned a level 3 spell: Stone Arrow
  2363 | D:4      | Noticed Ijyb
  2378 | D:4      | Killed Ijyb
  2379 | D:4      | Reached skill level 5 in Armour
  2439 | D:4      | Noticed Pikel
  2456 | D:4      | Killed Pikel
  2457 | D:4      | Reached XP level 7. HP: 49/60 MP: 8/11
  2496 | D:4      | Learned a level 1 spell: Slow
  2780 | D:4      | Found a radiant altar of Vehumet.
  2875 | D:5      | Entered Level 5 of the Dungeon
  2954 | D:5      | XOM: scenery: create altars
  2958 | D:5      | XOM: cleaving
  2971 | D:5      | Reached XP level 8. HP: 58/67 MP: 8/12
  3006 | D:5      | XOM: enchant monster (good)
  3023 | D:5      | Noticed Grinder
  3023 | D:5      | XOM: 7-stop teleportation journey
  3163 | D:5      | Noticed Menkaure
  3242 | D:5      | XOM: give mutations
  3242 | D:5      | Gained mutation: Your spells are much harder to cast, but
                  | much more powerful. [Xom's grace]
  3242 | D:5      | Gained mutation: You are robust. (+10% HP) [Xom's grace]
  3264 | D:5      | XOM: scenery: summon butterflies
  3273 | D:5      | XOM: enchant monster (good)
  3280 | D:5      | XOM: enchant monster (good)
  3300 | D:5      | Killed Grinder
  3410 | D:5      | Identified the +1 long sword of Purpose {spect, rN+++ Will-
                  | MP+9 SInv} (Xom gifted it to you on level 5 of the Dungeon)
  3410 | D:5      | XOM: god gift: +1 long sword of Purpose {chaos, rN+++ Will-
                  | MP+9 SInv}
  3434 | D:5      | Identified the +6 longbow "Lidoexipt" {speed, rElec rPois
                  | rN+ Dex-4} (Xom gifted it to you on level 5 of the Dungeon)
  3434 | D:5      | XOM: god gift: +6 longbow "Lidoexipt" {speed, rElec rPois
                  | rN+ Dex-4}
  3450 | D:5      | Found a runed translucent door.
  3451 | D:5      | Noticed Crazy Yiuf
  3645 | D:5      | XOM: polymorph ogre -> swamp drake
  3651 | D:5      | XOM: confuse monster(s)
  3850 | D:5      | Found a white marble altar of Elyvilon.
  3853 | D:5      | Killed Menkaure
  3966 | D:5      | XOM: polymorph steam dragon -> naga
  3976 | D:5      | HP: 1/74 [naga (27)]
  3976 | D:5      | XOM: butterfly on damage
  3977 | D:5      | Killed from afar by a naga

Illustrated notes

Levels and vault maps discovered:
D:1:      giann_bridges, layout_basic, basic_ecumenical_altar,
          minmay_misc_feat_room
D:2:      minmay_wonky_spiral, layout_basic, basic_altar, uniq_natasha
D:3:      layout_loops_ring, slow_altar_2
D:4:      layout_basic, mainiacjoe_overflow_24_doors, serial_glass,
          glass_columns_a, glass_columns_b, glass_columns_c, glass_columns_c,
          glass_columns_c, glass_columns_b, due_unseen_surprise,
          minmay_strange_pillars, feat_on_display, feat_on_display, uniq_ijyb,
          uniq_pikel
D:5:      layout_loops_ring, kennysheep_ying_yang, marbit_many_paths,
          grunt_ministairs_6, uniq_menkaure, uniq_grinder,
          uniq_crazy_yiuf_cottage

Skill      XL: |  1  2  3  4  5  6  7  8 |
---------------+-------------------------+-----
Invocations    | 1 2 3 4 |  4.2
Short Blades   | 1 2 3 |  3.8
Long Blades    | 1 2 3 |  3.8
Axes           | 1 2 3 |  3.8
Maces & Flails | 1 2 3 |  3.8
Staves         | 1 2 3 |  3.8
Ranged Weapons | 1 2 3 |  3.8
Throwing       | 1 2 3 |  3.8
Stealth        | 1 2 3 |  3.8
Shields        | 1 2 3 |  3.8
Unarmed Combat | 1 2 3 |  3.8
Spellcasting   | 1 2 3 |  3.8
Evocations     | 1 2 3 |  3.8
Conjurations   | 1 2 3 |  3.1
Hexes          | 1 2 3 |  3.1
Summonings     | 1 2 3 |  3.1
Necromancy     | 1 2 3 |  3.1
Translocations | 1 2 3 |  3.1
Transmutations | 1 2 3 |  3.1
Fire Magic     | 1 2 3 |  3.1
Ice Magic      | 1 2 3 |  3.1
Air Magic      | 1 2 3 |  3.1
Earth Magic    | 1 2 3 |  3.1
Poison Magic   | 1 2 3 |  3.1
Dodging        | 3 4 |  4.6
Armour         | 5 6 |  6.0
Fighting       | 7 |  7.6
Polearms       | 7 |  7.6

Action                     |  1- 3 |  4- 6 |  7- 9 || total
---------------------------+-------+-------+-------++-------
  Melee: Spear             |    79 |   149 |   142 ||   370
         Bite              |     4 |    11 |    18 ||    33
         Punch             |       |       |     7 ||     7
   Cast: Sandblast         |       |     2 |       ||     2
         Slow              |       |       |     4 ||     4
         Stone Arrow       |       |       |     3 ||     3
  Evoke: Piece from Xom's  |       |     1 |     3 ||     4
    Use: Scroll            |     3 |     3 |     4 ||    10
         Potion            |       |       |     3 ||     3
   Stab: Sleeping          |     3 |     8 |     4 ||    15
         Distracted        |       |     2 |     1 ||     3
         Confused          |       |     1 |     2 ||     3
         Petrified         |       |       |    11 ||    11
         Petrifying        |       |       |     4 ||     4
         Paralysed         |       |       |     1 ||     1
 Armour: Leather armour    |    17 |    27 |    19 ||    63
  Dodge: Dodged            |    20 |    44 |    53 ||   117

Table legend: (Time is in decaauts)
 A = Elapsed time spent in this place.
 B = Non-inter-level travel time spent in this place.
 C = Inter-level travel time spent in this place.
 D = Time resting spent in this place.
 E = Time spent auto-exploring this place.
 F = Levels seen in this place.
 G = Mean time per level.
                   A        B        C        D        E       F      G
               +--------+--------+--------+--------+--------+-----+--------+
         Total |   3866 |   3777 |     89 |    628 |   1990 |   5 |  773.2 |
       Dungeon |   3866 |   3777 |     89 |    628 |   1990 |   5 |  773.2 |
               +--------+--------+--------+--------+--------+-----+--------+

Top non-repeatable levels by time:
     D:5: 1047 daAuts
     D:3: 1039 daAuts
     D:2: 674 daAuts
     D:4: 632 daAuts
     D:1: 472 daAuts
